AoeStats
← IccCce

Black Forest

507669785Analyzed
4v4 RM · 13d ago on Sep 19, 2026· 54m 15s· 8 players
Game mode
Random Map
Map size
Large (8 player)
Population
200
Speed
Normal
Resources
Standard
Victory
Conquest
Starting age
Dark Age
Ending age
Imperial Age
RankedLock teamsTeams togetherTeam positionsShared explorationLock speedFull tech treeHidden civsTurbo modeCheats
Victory
Defeat
🇺🇸 Lithuanians · United States
1125
+13
🇬🇧 Slavs · United Kingdom
1089
+14
🇨🇱 Wei · Chile
1083
+14
🇮🇩 Chinese · Indonesia
1073
+15
🇨🇳 Persians · China
1083
-15
🇨🇳 Britons · China
1059
-14
🇨🇳 Koreans · China
1054
-14
🇨🇳 Celts · China
1027
-13
Octosaurus
7:14 Loom
11:24 Feudal Age
15:26 Castle Age
14:11 Horse Collar
14:16 Double-Bit Axe
16:51 Bow Saw
21:03 Wheelbarrow
22:40 Gold Mining
27:11 Imperial Age
25:44 Heavy Plow
26:54 Hand Cart
27:14 Bloodlines
27:06 Husbandry
27:14 Scale Barding Armor
27:20 Forging
27:27 Cavalier
29:01 Chain Barding Armor
29:26 Iron Casting
29:28 Crop Rotation
29:17 Paladin
29:51 Light Cavalry
32:23 Plate Barding Armor
34:38 Caravan
34:49 Guilds
34:13 Capped Ram
35:30 Masonry
36:25 Chemistry
36:58 Coinage
39:01 Banking
41:34 Winged Hussar
44:17 Conscription
48:18 Stone Mining
49:06 Hoardings
cold killer
1:05 Loom
12:14 Feudal Age
16:42 Castle Age
15:23 Double-Bit Axe
15:32 Horse Collar
17:40 Heavy Plow
27:14 Wheelbarrow
28:10 Bow Saw
28:51 Detinets
32:00 Imperial Age
30:08 Scale Barding Armor
30:14 Forging
30:46 Gold Mining
31:19 Chain Barding Armor
31:34 Iron Casting
31:01 Scale Mail Armor
31:09 Husbandry
31:28 Bloodlines
33:29 Plate Barding Armor
33:54 Blast Furnace
33:10 Chain Mail Armor
33:18 Conscription
34:05 Two-Man Saw
33:41 Crop Rotation
34:08 Gold Shaft Mining
33:26 Stone Mining
33:41 Elite Boyar
35:03 Hoardings
34:42 Onager
36:30 Caravan
38:15 Plate Mail Armor
46:41 Coinage
49:07 Siege Engineers
49:22 Ballistics
49:13 Masonry
51:38 Siege Onager
CORP_JuanLan
6:37 Loom
11:30 Feudal Age
15:50 Castle Age
13:54 Double-Bit Axe
14:01 Horse Collar
14:23 Gold Mining
16:56 Bow Saw
23:12 Town Watch
25:33 Scale Barding Armor
28:21 Stone Mining
29:04 Bloodlines
29:24 Heavy Plow
30:31 Chain Barding Armor
31:48 Wheelbarrow
34:46 Imperial Age
33:22 Tuntian
34:43 Coinage
34:41 Masonry
34:58 Hand Cart
35:53 Conscription
35:59 Ming Guang Armor
35:47 Forging
35:27 Fletching
36:32 Hoardings
36:42 Ballistics
36:46 Capped Ram
38:09 Iron Casting
37:30 Bodkin Arrow
40:04 Caravan
42:37 Blast Furnace
41:37 Scale Mail Armor
41:33 Bodkin Arrow
41:36 Pikeman
42:17 Squires
42:58 Banking
41:52 Elite Tiger Cavalry
42:43 Halberdier
44:54 Chain Mail Armor
45:26 Fortified Wall
45:59 Bracer
47:01 Chemistry
45:43 Treadmill Crane
48:21 Husbandry
47:48 Heavy Hei Guang Cavalry
49:38 Town Patrol
51:56 Guard Tower
Ween
0:27 Loom
13:00 Feudal Age
14:47 Double-Bit Axe
17:52 Castle Age
18:50 Bow Saw
30:13 Horse Collar
33:48 Heavy Plow
38:59 Imperial Age
37:42 Elite Skirmisher
39:10 Gold Mining
40:37 Wheelbarrow
40:40 Fletching
40:50 Padded Archer Armor
43:28 Pikeman
44:08 Squires
43:54 Arson
44:27 Forging
44:18 Scale Mail Armor
45:00 Conscription
45:54 Two-Man Saw
44:42 Halberdier
46:44 Chain Mail Armor
47:04 Iron Casting
47:29 Thumb Ring
49:53 Gold Shaft Mining
50:30 Hand Cart
53:33 Iron Casting
53:29 Plate Mail Armor
53:14 Leather Archer Armor
52:55 Bodkin Arrow
55:44 Blast Furnace
江
5:27 Loom
13:29 Feudal Age
17:49 Castle Age
15:59 Double-Bit Axe
19:06 Bow Saw
22:31 Horse Collar
24:06 Heavy Plow
26:13 Scale Barding Armor
28:49 Wheelbarrow
27:59 Town Watch
28:20 Gold Mining
28:21 Stone Mining
28:55 Town Patrol
32:17 Imperial Age
30:55 Stone Shaft Mining
31:06 Hand Cart
31:49 Gold Shaft Mining
31:58 Devotion
33:47 Chain Barding Armor
33:38 Forging
34:07 Crop Rotation
34:39 Two-Man Saw
33:41 Elite War Elephant
35:26 Conscription
36:07 Plate Barding Armor
36:06 Faith
38:00 Iron Casting
40:28 Theocracy
胜利如此简单
0:35 Loom
13:41 Feudal Age
19:36 Wheelbarrow
18:48 Double-Bit Axe
18:55 Gold Mining
21:21 Castle Age
20:01 Wheelbarrow
21:58 Stone Mining
24:22 Bow Saw
25:36 Ballistics
27:06 Stronghold
32:41 Horse Collar
34:36 Hand Cart
40:32 Imperial Age
39:58 Caravan
41:16 Heavy Scorpion
41:23 Capped Ram
44:27 Chemistry
43:16 Arrowslits
46:55 Pikeman
50:07 Halberdier
QAXIA
12:14 Feudal Age
16:40 Castle Age
14:51 Double-Bit Axe
15:10 Horse Collar
15:43 Fletching
18:17 Bodkin Arrow
18:53 Loom
20:37 Padded Archer Armor
24:21 Leather Archer Armor
26:14 Ballistics
27:34 Gold Mining
28:42 Bow Saw
28:34 Heavy Plow
36:04 Imperial Age
33:20 Loom
34:11 Wheelbarrow
33:17 Pikeman
36:15 Scale Mail Armor
36:27 Forging
38:11 Chemistry
38:53 Bracer
42:50 Yeomen
42:51 Conscription
43:27 Halberdier
44:24 Chain Mail Armor
48:56 Plate Mail Armor
49:02 Iron Casting
48:31 Squires
52:29 Hand Cart
51:40 Elite Longbowman
IccCce
11:14 Feudal Age
13:05 Wheelbarrow
18:01 Double-Bit Axe
19:23 Gold Mining
19:59 Horse Collar
23:06 Castle Age
22:48 Stone Mining
22:55 Town Watch
22:56 Loom
24:58 Bow Saw
25:15 Heavy Plow
25:51 Hand Cart
27:07 Stone Shaft Mining
27:07 Gold Shaft Mining
26:48 Forging
34:51 Imperial Age
34:58 Imperial Age
33:20 Iron Casting
33:52 Husbandry
35:17 Treadmill Crane
36:41 Chemistry
36:21 Conscription
38:22 Ballistics
38:16 Masonry
38:18 Fortified Wall
38:03 Murder Holes
40:44 Elite War Wagon
45:59 Squires
45:20 Pikeman
48:41 Halberdier
50:08 Gambesons
Connection lost

Rejoining the realm…

Still unreachable

The connection could not be restored.

Session expired

The server has moved on; the page needs a fresh start.